 Dungeon Crawl Stone Soup version 0.24-a0-271-ga0fc33f (webtiles) character file.

Game seed: 15057219271280319490

18 AngleWyrm the Caller (level 2, -4/19 HPs)
             Began as a Merfolk Summoner on Apr 22, 2019.
             Slain by Sigmund
             ... wielding a +0 scythe
              (9 damage)
             ... on level 2 of the Dungeon.
             The game lasted 00:12:12 (1342 turns).

AngleWyrm the Caller (Merfolk Summoner)             Turns: 1342, Time: 00:12:12

Health: -4/19      AC:  3    Str:  8    XL:     2   Next: 70%
Magic:  1/5        EV: 13    Int: 14    God:
Gold:   25         SH:  0    Dex: 16    Spells: 2/5 levels left

rFire    . . .     SeeInvis .   g - +1 dagger (protect)
rCold    . . .     Gourm    .   (no shield)
rNeg     . . .     Faith    .   a - +0 robe
rPois    .         Spirit   .   (no helmet)
rElec    .         Reflect  .   f - scarf {cloud immunity}
rCorr    .         Harm     .   (no gloves)
MR       .....                  (no boots)
Stlth    ++........             (no amulet)
HPRegen  0.06/turn              (no ring)
MPRegen  0.09/turn              (no ring)

@: no status effects
A: change form in water, swift swim, stealthy swim, yellow scales 1, agile 1,
deformed body
a: no special abilities


You were on level 2 of the Dungeon.
You were not hungry.

You visited 1 branch of the dungeon, and saw 2 of its levels.

You collected 25 gold pieces.

Inventory:

Hand Weapons
 b - a +0 club
 g - a +1 dagger of protection (weapon)
Missiles
 d - 15 arrows
 i - 22 stones (quivered)
Armour
 a - a +0 robe (worn)
 f - a scarf of cloud immunity (worn)
Potions
 e - a potion of heal wounds {unknown}
Comestibles
 c - a ration
 h - 7 chunks of flesh


   Skills:
 + Level 0.1 Short Blades
 + Level 0.1 Maces & Flails
 * Level 1.0 Armour
 + Level 2.8 Dodging
 + Level 2.3 Stealth
 + Level 2.1 Spellcasting
 + Level 4.1 Summonings


You had 2 spell levels left.
You knew the following spells:

 Your Spells              Type           Power        Failure   Level  Hunger
a - Summon Small Mammal   Summ           ##..         4%          1    #......
b - Call Imp              Summ           ##......     7%          2    ###....

Your spell library contained the following spells:

 Spells                   Type           Power        Failure   Level  Hunger
 Call Canine Familiar     Summ           ##......     13%         3    ###....
 Summon Guardian Golem    Hex/Summ       #.......     30%         3    ###....
 Summon Ice Beast         Ice/Summ       #.......     69%         4    #####..
 Summon Lightning Spire   Summ/Air       #.......     69%         4    #####..


Dungeon Overview and Level Annotations

Branches:
Dungeon (2/15)

Altars:
Uskayaw

Annotations:
D:2 Sigmund


Innate Abilities, Weirdness & Mutations

You revert to your normal form in water You are very nimble and swift while swimming.
You are very stealthy in the water. (Stealth+)
You are partially covered in yellow scales. (AC +2)
You are agile. (Dex +2)
Armour fits poorly on your strangely shaped body.


Message History

You start resting.
HP restored.
You start resting.
Sigmund is too close now for your liking.
Sigmund looks at you with fury.
Casting: Call Imp (safe; 7% risk of failure)
Confirm with . or Enter, or press ? or * to list all spells.
A beastly little devil appears in a puff of flame.
Sigmund gestures at you while chanting. You resist with significant effort.
Your crimson imp blinks!
Sigmund misses you.
Sigmund hits you from afar with a +0 scythe!
Ouch! That really hurt!
* * * LOW HITPOINT WARNING * * *
Your iron imp barely misses Sigmund.
Your crimson imp hits Sigmund.
Your iron imp closely misses Sigmund.
Your crimson imp closely misses Sigmund.
Sigmund hits you from afar with a +0 scythe!
You die...

#.#####.#.......#
#.....#.####....###
#.....#...##....'..
#..)..###.###...### .
#.....# #...'...'.. ..
#...))#######...### #..
#.....'.....'......
....####...†.#######....##
........5@...# ####.#
.......@5....# #.##
.............# #.#.
.............g.# #.#.
.#########...#..# ###'#.
#...##.# #..... #...# ...
#..... ##### #. #.....
#.....


You could see Sigmund, a goblin, a friendly iron imp and a friendly crimson imp.

Vanquished Creatures
  2 goblins
  A hobgoblin (D:1)
  A kobold (D:1)
  3 bats (D:1)
  A frilled lizard (D:1)
  2 rats (D:1)
10 creatures vanquished.

Vanquished Creatures (collateral kills)
  A worm (D:2)
  A leopard gecko (D:1)
  A goblin (D:2)
  A hobgoblin (D:1)
  A bat (D:2)
  2 frilled lizards
  3 rats
10 creatures vanquished.

Grand Total: 20 creatures vanquished

Notes
Turn   | Place    | Note
-------+----------+-------------------------------------------
     0 | D:1      | AngleWyrm the Merfolk Summoner began the quest for the Orb.
     0 | D:1      | Reached XP level 1. HP: 13/13 MP: 3/3
   534 | D:1      | Reached XP level 2. HP: 15/19 MP: 5/5
   538 | D:1      | Learned a level 2 spell: Call Imp
  1041 | D:1      | Gained mutation: You are agile. (Dex +2) [potion of
                  | mutation]
  1041 | D:1      | Gained mutation: Armour fits poorly on your strangely
                  | shaped body. [potion of mutation]
  1041 | D:1      | Gained mutation: You are partially covered in yellow
                  | scales. (AC +2) [potion of mutation]
  1214 | D:2      | Found a hide-covered altar of Uskayaw.
  1287 | D:2      | Reached skill level 1 in Armour
  1324 | D:2      | Noticed Sigmund
  1342 | D:2      | Slain by Sigmund

Levels and vault maps discovered:
D:1:      psy_arrival_statuary, layout_rooms
D:2:      layout_basic, minitemple, lemuel_round_altar, first_ration,
          serial_bayou, serial_bayou_pond_c, serial_bayou_pond_b,
          serial_bayou_crossing, serial_bayou_shore_b, uniq_crazy_yiuf_cottage,
          uniq_robin, uniq_sigmund

Skill      XL: |  1  2 |
---------------+-------+-----
Armour         | 1 |  1.0
Short Blades   | |  0.1
Maces & Flails | |  0.1
Dodging        | |  2.8
Stealth        | |  2.3
Spellcasting   | |  2.1
Summonings     | |  4.1

Action                   || total
-------------------------++-------
Melee: Unarmed           ||    29
       Club              ||    28
       Dagger            ||    22
 Cast: Summon Small Mamm ||     9
       Call Imp          ||    11
  Use: Potion            ||     2
 Stab: Sleeping          ||     1
  Eat: Ration            ||     1
Armor: Robe              ||    17
Dodge: Dodged            ||    65

Table legend:
 A = Non-vault XP
 B = Vault XP
 C = Vault XP percentage of total XP
 D = Non-vault monster count
 E = Vault monster count
 F = Vault count percentage of total count
                 A         B        C        D         E       F
            +---------+---------+-------+---------+---------+-------
      Total |      27 |       0 |   0.0 |      20 |       0 |   0.0
            +---------+---------+-------+---------+---------+-------
        D:1 |      17 |       0 |   0.0 |      13 |       0 |   0.0
        D:2 |      10 |       0 |   0.0 |       7 |       0 |   0.0
            +---------+---------+-------+---------+---------+-------
